 Dungeon Crawl Stone Soup version 0.29-a0-360-g8ed1089bbe (webtiles) character file.

Game seed: 7668636701831099680

105 jaega1 the Chopper (level 4, -4/39 HPs)
             Began as a Hill Orc Fighter on Apr 28, 2022.
             Slain by a gnoll
             ... wielding a +0 club
              (5 damage)
             ... on level 2 of the Dungeon.
             The game lasted 00:03:47 (1896 turns).

jaega1 the Chopper (Hill Orc Fighter)               Turns: 1896, Time: 00:03:47

Health: -4/39      AC:  6    Str: 18    XL:     4   Next: 81%
Magic:  4/4        EV:  9    Int:  8    God:
Gold:   60         SH:  4    Dex: 12    Spells: 3/3 levels left

rFire   . . .      SeeInvis .   a - +0 war axe
rCold   . . .      Faith    .   c - +0 buckler
rNeg    . . .      Spirit   .   b - +0 scale mail
rPois   .          Reflect  .   (no helmet)
rElec   .          Harm     .   (no cloak)
rCorr   .          Rampage  .   (no gloves)
Will    .....                   (no boots)
Stlth   ..........              (no amulet)
HPRegen 0.13/turn               (no ring)
MPRegen 0.09/turn               (no ring)

@: no status effects
A: no striking features
a: no special abilities


You were on level 2 of the Dungeon.
You visited 1 branch of the dungeon, and saw 3 of its levels.

You collected 60 gold pieces.

Inventory:

Hand Weapons
 a - a +0 war axe (weapon)
 m - a +0 hunting sling
Armour
 b - a +0 scale mail (worn)
 c - a +0 buckler (worn)
 h - a +0 kite shield
Jewellery
 o - a ring of see invisible
Scrolls
 f - 2 scrolls of teleportation
Potions
 d - a potion of might
 e - a potion of resistance
 j - 2 potions of cancellation {unknown}
 k - a potion of ambrosia
 l - 2 potions of heal wounds {unknown}


   Skills:
 - Level 3.6 Fighting
 + Level 6.4 Axes
 - Level 3.2 Armour
 - Level 3.2 Shields


You had 3 spell levels left.
You didn't know any spells.
Your spell library contained the following spells:

 Spells                   Type           Power      Damage    Failure   Level
 Animate Skeleton         Necr           0%         N/A       87%         1
 Apportation              Tloc           0%         N/A       87%         1
 Summon Small Mammal      Summ           0%         N/A       87%         1
 Ensorcelled Hibernation  Hex/Ice        0%         N/A       95%         2
 Spider Form              Tmut/Pois      0%         N/A       99%         3
 Anguish                  Hex/Necr       0%         N/A       100%        4


Dungeon Overview and Level Annotations

Branches:
Dungeon (3/15)

Altars:
Sif Muna

Shops:
D:3 [


Message History

The gnoll is moderately wounded.
The gnoll closely misses you.
You hit the gnoll.
The gnoll is heavily wounded.
You block the gnoll's attack.
You slash the gnoll!
You kill the gnoll!
You hit the gnoll but do no damage. The gnoll hits you with a +0 club.
* * * LOW HITPOINT WARNING * * *
The gnoll attacks as you move away! The gnoll misses you.
There is an escape hatch in the ceiling here.
The gnoll hits you but does no damage. A mysterious force pulls you upwards.
The hatch slams shut behind you.
You are too injured to fight recklessly!
You are too injured to fight recklessly!
You are too injured to fight recklessly!
You are too injured to fight recklessly!
You slash the gnoll!
The gnoll is almost dead.
The gnoll barely misses you. The gnoll misses you.
You barely miss the gnoll.
The gnoll is almost dead.
The gnoll hits you with a +0 club.
* * * LOW HITPOINT WARNING * * *
You barely miss the gnoll.
The gnoll is almost dead.
The gnoll closely misses you.
You barely miss the gnoll.
The gnoll is almost dead.
The gnoll hits you with a +0 club.
* * * LOW HITPOINT WARNING * * *
You completely miss the gnoll.
The gnoll is almost dead.
The gnoll barely misses you.
You hit the gnoll but do no damage.
The gnoll is severely wounded.
The gnoll hits you with a +0 club.
* * * LOW HITPOINT WARNING * * *
The gnoll hits you with a +0 club.
You die...

#...###).......##
#.#.....#####)..#####
#...##### #.......#
##.## #...###.# #.#
##### #.# #.# #########
#.# ####.#####.......#
#.# #.......##.......#
#.# #.###.#@##.......#
#.# #.###.#g##.......#
#[#
#.##..#.##.......####.##
#.##.##.##.......##.....
#.##.##.##<..†...##.#.##
#.......#####.#####.#.##
####.###### #.# #.#..#
#.>.....###.# #.##.#
#...........# #.##.#


You could see a gnoll.

Vanquished Creatures
  A gnoll (D:3)
  3 adders
  A dart slug (D:1)
  8 ball pythons
  5 endoplasms
  3 giant cockroaches
  3 goblins (D:1)
  5 hobgoblins
  10 jackals
  8 kobolds
  2 quokkas (D:2)
  A bat (D:2)
  4 frilled lizards
  4 rats
58 creatures vanquished.

Vanquished Creatures (others)
  A fungus (D:1)
1 creature vanquished.

Grand Total: 59 creatures vanquished

Notes
Turn   | Place    | Note
-------+----------+-------------------------------------------
     0 | D:1      | jaega1 the Hill Orc Fighter began the quest for the Orb.
     0 | D:1      | Reached XP level 1. HP: 19/19 MP: 1/1
    16 | D:1      | Reached skill level 3 in Axes
    48 | D:1      | Reached XP level 2. HP: 19/26 MP: 2/2
    96 | D:1      | Reached skill level 4 in Axes
   451 | D:1      | Reached XP level 3. HP: 26/31 MP: 3/3
   554 | D:1      | Found a faded altar of an unknown god.
   782 | D:2      | Found a shimmering blue altar of Sif Muna.
   880 | D:2      | Reached skill level 5 in Axes
  1101 | D:2      | Reached XP level 4. HP: 38/39 MP: 4/4
  1477 | D:2      | Reached skill level 6 in Axes
  1740 | D:3      | Found Zocesupi's Antique Armour Shop.
  1896 | D:2      | HP: 1/39 [gnoll/+0 club (4)]
  1896 | D:2      | Slain by a gnoll

Illustrated notes

Levels and vault maps discovered:
D:1:      minmay_arrival_four_circles, layout_rooms,
          shapermc_ecumenical_altar_ellora, minmay_pentomino_s2
D:2:      layout_loops_cross, basic_altar
D:3:      layout_basic, serial_shops, shop

Skill      XL: |  1  2  3  4 |
---------------+-------------+-----
Axes           | 3 4 5 6 |  6.4
Fighting       | |  3.6
Armour         | |  3.2
Shields        | |  3.2

Action                   |  1- 3 |  4- 6 || total
-------------------------+-------+-------++-------
Melee: War axe           |    88 |    76 ||   164
  Use: Scroll            |       |     6 ||     6
Armor: Scale mail        |    39 |    38 ||    77
Dodge: Dodged            |    32 |    40 ||    72
Block: Buckler           |    30 |    20 ||    50

Table legend: (Time is in decaauts)
 A = Elapsed time spent in this place.
 B = Non-inter-level travel time spent in this place.
 C = Inter-level travel time spent in this place.
 D = Time resting spent in this place.
 E = Time spent auto-exploring this place.
 F = Levels seen in this place.
 G = Mean time per level.
                   A        B        C        D        E       F      G
               +--------+--------+--------+--------+--------+-----+--------+
         Total |   1943 |   1884 |     59 |    206 |   1155 |   3 |  647.7 |
       Dungeon |   1943 |   1884 |     59 |    206 |   1155 |   3 |  647.7 |
               +--------+--------+--------+--------+--------+-----+--------+

Top non-repeatable levels by time:
     D:2: 863 daAuts
     D:1: 789 daAuts
     D:3: 290 daAuts
